 Dungeon Crawl Stone Soup version 0.32-a0-672-gff75c0dad8 (webtiles) character file.

Game seed: 395574372700171549

96437 GeoRichter the Spry (level 16, -31/134 HPs)
             Began as a Merfolk Shapeshifter on Mar 10, 2024.
             Was an Elder of Beogh.
             Annihilated by an enormous slime creature (62 damage)
             ... on level 15 of the Dungeon.
             The game lasted 00:47:49 (19988 turns).

GeoRichter the Spry (Merfolk Shapeshifter)         Turns: 19988, Time: 00:47:50

Health: -31/134    AC: 22    Str: 19    XL:     16   Next: 16%
Magic:  20/22      EV: 19    Int:  8    God:    Beogh [****..]
Gold:   1562       SH:  0    Dex: 22    Spells: 15/15 levels left

rFire   + .          .
                       - Unarmed
rCold   + . .        O - melded +1 buckler {AC+3}
rNeg    + + .        c - +8 chain mail of the Devil's Advocate {rPois Dex+4}
rPois   +            W - +2 helmet of the Gravedigger {+Inv rN++ Will- SInv}
rElec   +            Y - +0 cloak of Subjectivity {+Blink rElec Str-2 SInv}
rCorr   .            y - melded +2 pair of gloves of Liusayce {+Inv Slay+3 SInv}
SInv    +            L - +1 pair of boots
Will    +....        l - amulet of regeneration Stlth
                     a - ring of protection from cold
HPRegen 1.22/turn    P - ring of willpower
MPRegen 0.18/turn

%: clarity
@: about to teleport, blade hands, studying 2 skills
A: (nimble swimmer 2), mertail, clarity, fire resistance 1, low MP 1, strong 1
a: Begin Untransformation, Renounce Religion, Evoke Blink, Evoke Invisibility,
Smiting, Recall Apostles, Dismiss Orik, warrior, Dismiss Ortolf, priest, Dismiss
Bogdan, warrior


You were on level 15 of the Dungeon.
You worshipped Beogh.
Beogh was greatly pleased with you.
You had blades for hands.
You visited 4 branches of the dungeon, and saw 23 of its levels.
You also visited: Ossuary and Gauntlet.

You collected 3310 gold pieces.
You spent 1748 gold pieces at shops.

Inventory:

Missiles
 n - 5 throwing nets {!f}
 Q - 7 silver javelins
Armour
 c - the +8 chain mail of the Devil's Advocate (worn) {rPois Dex+4}
   (You found it on level 14 of the Dungeon)

   Dex+4:     It affects your dexterity (+4).
   rPois:     It protects you from poison.
 y - the +2 pair of gloves of Liusayce (melded) {+Inv Slay+3 SInv}
   (You found it in a Gauntlet)

   Slay+3:    It affects your accuracy & damage with ranged weapons and melee
   (+3).
   SInv:      It lets you see invisible.
   +Inv:      It lets you turn invisible.
 L - a +1 pair of boots (worn)
   (You found it on level 11 of the Dungeon)
 N - +0 acid dragon scales
   (You found it on level 10 of the Dungeon)
 O - a +1 buckler of protection (melded)
   (You took it off a tengu warrior on level 13 of the Dungeon)
 W - the +2 helmet of the Gravedigger (worn) {+Inv rN++ Will- SInv}
   (You found it in a Gauntlet)

   rN++:      It greatly protects you from negative energy.
   Will-:     It decreases your willpower.
   SInv:      It lets you see invisible.
   +Inv:      It lets you turn invisible.
 Y - the +0 cloak of Subjectivity (worn) {+Blink rElec Str-2 SInv}
   (You acquired it on level 2 of the Dungeon)

   Str-2:     It affects your strength (-2).
   rElec:     It insulates you from electricity.
   SInv:      It lets you see invisible.
   +Blink:    It lets you blink.
Jewellery
 a - a ring of protection from cold (left blade hand)
   (You found it on level 1 of the Dungeon)
 l - an amulet of regeneration (around neck)
   (You found it on level 2 of the Dungeon)
 u - a ring of see invisible
   (You found it on level 4 of the Dungeon)
 M - a ring of protection from fire
   (You found it on level 10 of the Dungeon)
 P - a ring of willpower (right blade hand)
   (You found it on level 10 of the Dungeon)
Talismans
 C - a blade talisman (active)
   (You found it on level 5 of the Dungeon)
 S - a maw talisman
   (You found it on level 3 of the Lair of Beasts)
Wands
 f - a wand of polymorph (24)
   (You found it on level 11 of the Dungeon)
 A - a wand of digging (2)
   (You found it on level 5 of the Dungeon)
 D - a wand of flame (49)
   (You found it on level 10 of the Dungeon)
 J - a wand of charming (18)
   (You found it on level 9 of the Dungeon)
 V - a wand of mindburst (9)
   (You found it on level 5 of the Lair of Beasts)
 X - a wand of iceblast (9)
   (You found it on level 5 of the Lair of Beasts)
Scrolls
 d - 2 scrolls of vulnerability {!r}
 e - 4 scrolls of enchant armour
 g - a scroll of revelation
 j - 3 scrolls of butterflies
 k - a scroll of fog
 m - 4 scrolls of enchant weapon
 o - 5 scrolls of teleportation {@r4}
 p - 7 scrolls of immolation {!r}
 r - a scroll of torment {!r}
 v - 3 scrolls of blinking
 z - 2 scrolls of amnesia
 G - 2 scrolls of poison {!r}
 I - 2 scrolls of fear
 K - 2 scrolls of identify {@r1}
 R - a scroll of brand weapon
Potions
 b - 2 potions of resistance
 h - 9 potions of curing {@q1}
 i - 6 potions of mutation {!q}
 q - 2 potions of berserk rage
 s - 2 potions of magic
 t - 2 potions of enlightenment
 w - 2 potions of haste {@q3}
 x - 2 potions of ambrosia
 B - 4 potions of brilliance
 E - a potion of attraction {!q}
 F - 3 potions of lignification {!q}
 H - 5 potions of might
Miscellaneous
 U - a phial of floods
   (You found it on level 5 of the Lair of Beasts)
 Z - a phantom mirror
   (You found it on level 12 of the Dungeon)


   Skills:
 + Level 14.9 Fighting
 - Level 5.0 Armour
 - Level 18.1 Dodging
 + Level 16.7 Unarmed Combat
 + Level 11.3 Invocations
 * Level 16.4 Shapeshifting


You had 15 spell levels left.
You didn't know any spells.
Your spell library contained the following spells:

 Spells                   Type           Power      Damage    Failure   Level
 Magic Dart               Conj           0%         1d3       98%         1
 Sandblast                Erth           0%         2d4       98%         1
 Shock                    Conj/Air       0%         1d3       98%         1
 Sting                    Conj/Alch      0%         1d3       98%         1
 Summon Small Mammal      Summ           0%         N/A       98%         1
 Call Imp                 Summ           0%         N/A       99%         2
 Ensorcelled Hibernation  Hex/Ice        0%         N/A       99%         2
 Lesser Beckoning         Tloc           0%         N/A       99%         2
 Mercury Vapours          Alch/Air       0%         N/A       99%         2
 Searing Ray              Conj           0%         2d4       99%         2
 Sublimation of Blood     Necr           0%         N/A       99%         2
 Call Canine Familiar     Summ           0%         N/A       100%        3
 Fugue of the Fallen      Necr           0%         N/A       100%        3
 Gell's Gravitas          Tloc           0%         N/A       100%        3
 Hailstorm                Conj/Ice       0%         3d5       100%        3
 Ozocubu's Armour         Ice            0%         N/A       100%        3
 Passwall                 Erth           0%         N/A       100%        3
 Stone Arrow              Conj/Erth      0%         3d7       100%        3
 Summon Ice Beast         Ice/Summ       0%         N/A       100%        3
 Swiftness                Air            0%         N/A       100%        3
 Teleport Other           Tloc           0%         N/A       100%        3
 Airstrike                Air            0%         2d(0-16)  100%        4
 Brom's Barrelling Bould  Conj/Erth      0%         2d3       100%        4
 Cause Fear               Hex            0%         N/A       100%        4
 Manifold Assault         Tloc           0%         N/A       100%        4
 Olgreb's Toxic Radiance  Alch           0%         N/A       100%        4
 Summon Blazeheart Golem  Fire/Summ      0%         N/A       100%        4
 Vhi's Electric Charge    Tloc/Air       0%         N/A       100%        4
 Arcjolt                  Conj/Air       0%         1d10      100%        5
 Fireball                 Conj/Fire      0%         3d3       100%        5
 Freezing Cloud           Conj/Ice/Air   0%         6-21      100%        5
 Summon Mana Viper        Hex/Summ       0%         N/A       100%        5
 Sculpt Simulacrum        Ice/Alch       0%         N/A       100%        6
 Monstrous Menagerie      Summ           0%         N/A       100%        7
 Summon Hydra             Summ           0%         N/A       100%        7
 Maxwell's Capacitive Co  Air            0%         ∞         100%        8
 Dragon's Call            Summ           0%         N/A       100%        9


Dungeon Overview and Level Annotations

Branches:
Dungeon (15/15) Zot: 26667  Temple (0/1) D:7            Lair (5/5) D:11 Zot: 24802
 Shoals (0/4) Lair:3        Snake (0/4) Lair:3        Slime (1/5) Lair:4 Zot: 5998
    Orc (2/2) D:9 Zot: 10932     Elf (0/3) Orc:2        Vaults (0/5) D:14
Ossuary (visited)         Gauntlet (visited)
 Depths: D:15

Altars:
Ashenzari
Cheibriados
Dithmenos
Elyvilon
Fedhas
Gozag
Hepliaklqana
Makhleb
Qazlal
Uskayaw
Vehumet
Wu Jian
Xom
Zin
Jiyva

Shops:
D:2 *[**?   D:6 **[!*   Orc:1 ?   Orc:2 *:([

Annotations:
D:6 2 runed translucent doors, flinch's ghost, novice CoGl
D:13 2 transporters, fly's ghost, journeyman KoDe
Lair:2 3 runed translucent doors, SkaryMonk's ghost, journeyman CoGl
Lair:3 2 transporters
Lair:5 1 runed translucent door, vknvnfl's ghost, journeyman MiFi


Innate Abilities, Weirdness & Mutations

You have blades for hands.
You are incapable of wielding weapons or throwing items.
Your facial features look somewhat orcish.
((You are very nimble when in or above water. (Stealth+, EV+, Speed+++)))
Your lower body shifts to a powerful aquatic tail in water.
You possess an exceptional clarity of mind.
Your flesh is heat resistant. (rF+)
Your magical capacity is low. (-10% MP)
Your muscles are strong. (Str +4, Int/Dex -1)


Message History

Okay, then.
Orik is recalled.
Bogdan is recalled.
Bogdan hits the slime creature with the +5 halberd "Ishrioc"!
The slime creature writhes in agony.
The slime creature hits you.
* * * LOW HITPOINT WARNING * * *
A slime creature comes into view.
The slime creature hits you but does no damage.
The slime creature barely misses you.
Okay, then.
You slice the slime creature!! You slash the slime creature!
You kill the slime creature!
Beogh accepts your kill.
You hear a horrible gurgling sound! x2
Bogdan hits the glowing orange brain with the +5 halberd "Ishrioc"!!
The glowing orange brain writhes in agony.
Orik barely misses the slime creature.
Something bites Bogdan but does no damage.
The slime creature hits you.
* * * LOW HITPOINT WARNING * * *
Two slime creatures merge to form a very large slime creature.
The slime creature hits you!
* * * LOW HITPOINT WARNING * * *
You shred the slime creature!!!
The slime creature is severely wounded.
Bogdan hits the glowing orange brain with the +5 halberd "Ishrioc"!
Something tentacle-slaps Bogdan.
Something shocks Bogdan!!
Orik barely misses the slime creature.
You slash the slime creature!
The slime creature is severely wounded.
The slime creature hits you!
* * * LOW HITPOINT WARNING * * *
The slime creature completely misses you.
A purple ugly thing comes into view.
A cyan very ugly thing comes into view.
You shred the slime creature!!!
You kill the slime creature!
Beogh accepts your kill.
Orik hits the very large slime creature with the +4 glaive of the Asp!
Orik burns the very large slime creature.
Two slime creatures merge to form an enormous slime creature.
The glowing orange brain pulsates.
The glowing orange brain radiates an aura of fear!
You are unaffected.
Orik looks frightened!
Bogdan looks frightened!
Unknown command.
As you read the scroll of teleportation {@r4}, it crumbles to dust.
You feel strangely unstable.
The purple ugly thing basks in the mutagenic energy from its kin and changes!
The cyan very ugly thing tentacle-slaps Bogdan but does no damage.
The enormous slime creature hits you!!!
You die...

## #.
#. ###G
#.u
##u##o#
#..u.@#
##.#Jo#
.# ####
.. ## #
. .


You could see a cyan very ugly thing (ally target), 2 ugly things, an enormous
slime creature (ally target), a glowing orange brain (distracted), the friendly
Bogdan the orc apostle (fleeing) and the friendly Orik the orc apostle
(fleeing).

Vanquished Creatures
  Kirke (D:15)
  Gastronok (Lair:2)
  Frances (D:12)
  Azrael (D:12)
  An ettin (Orc:1)
  Josephine (D:12)
  A fire dragon (D:15)
  2 ogre magi (Orc:2)
  4 hydras
  A merfolk avatar (Lair:5)
  3 centaur warriors (D:14)
  10 two-headed ogres
  5 death yaks (Lair:3)
  2 tengu warriors
  A sea snake (Lair:5)
  2 skysharks
  2 deep trolls (Orc:2)
  A lindwurm (Lair:2)
  A deep elf pyromancer (D:13)
  An orc knight (Orc:2)
  An orc sorcerer (Orc:1)
  3 ugly things (D:14)
  3 meliai
  3 manticores
  A salamander (shapeshifter) (D:14)
  5 cyclopes
  2 guardian serpents (D:11)
  10 elephants
  2 black mambas (Lair:4)
  A rust devil (Gauntlet)
  A torpor snail (Lair:5)
  A minotaur zombie (Gauntlet)
  2 gargoyles
  4 cane toads
  A kobold demonologist (D:10)
  4 komodo dragons
  4 polar bears (Lair:5)
  9 trolls
  A wind drake (Lair:5)
  2 hornets
  11 blink frogs
  A vampire (D:9)
  3 wraiths (D:12)
  Sigmund (D:2)
  6 slime creatures
  2 wyverns
  3 fire elementals (D:12)
  2 hogs (D:15)
  12 humans (D:14)
  27 yaks
  A ynoxinul (Gauntlet)
  2 basilisks (Lair:4)
  3 steam dragons
  A warg (Orc:1)
  Menkaure (D:6)
  2 nagas (Lair:3)
  17 vampire mosquitoes
  An acid dragon (D:10)
  8 water moccasins
  2 hell hounds (D:12)
  7 orc warriors
  A sky beast (D:4)
  A black bear (D:5)
  11 centaurs
  17 ogres
  2 boggarts (D:13)
  4 wolves
  2 phantoms
  11 bullfrogs
  2 kobold brigands
  A weeping skull (Ossuary)
  3 gnoll sergeants
  A scorpion (D:7)
  7 water moccasin zombies (Ossuary)
  4 killer bees
  2 howler monkeys
  An electric eel (D:10)
  4 crimson imps
  3 bombardier beetles
  A jelly (D:6)
  A gnoll bouda (D:4)
  3 orc priests
  A spectral scorpion (Ossuary)
  2 iron imps (Gauntlet)
  A sleepcap (D:6)
  3 iguanas
  7 orc wizards
  A crocodile zombie (Ossuary)
  2 mummies (Ossuary)
  6 adders
  12 gnolls
  A white imp (D:5)
  2 adder zombies (Ossuary)
  12 dart slugs
  A ribbon worm (D:2)
  17 orcs
  3 endoplasms
  A giant cockroach (D:1)
  10 goblins
  8 hobgoblins
  6 jackals
  3 quokkas
  10 ball pythons
  5 bats
  2 frilled lizards
  6 gnoll zombies (Ossuary)
  5 jackal zombies (Ossuary)
  14 kobolds
  An orc zombie (Ossuary)
  5 rats
444 creatures vanquished.

Vanquished Creatures (collateral kills)
  A quicksilver ooze (Gauntlet)
  A minotaur (Gauntlet)
  2 hydras (Lair:5)
  A boulder beetle (D:13)
  6 two-headed ogres
  A death yak (Lair:3)
  Urug (D:14)
  Amaemon (D:10)
  A sea snake (Lair:5)
  An arcanist (D:13)
  A worldbinder (Gauntlet)
  2 cyclopes
  3 meliai
  A manticore (Lair:5)
  8 elephants
  4 black mambas
  An orange demon (D:10)
  A cane toad (Lair:4)
  A kobold demonologist (D:10)
  4 rime drakes
  Psyche (D:8)
  2 komodo dragons
  2 tengu conjurers
  3 polar bears
  3 trolls
  A hornet (Lair:5)
  A wind drake (Lair:5)
  16 blink frogs
  A culicivora (shapeshifter) (D:15)
  4 slime creatures (D:13)
  4 wyverns
  4 wraiths
  13 yaks
  4 vampire mosquitoes
  4 humans (D:14)
  A naga (Lair:3)
  An acid dragon (D:10)
  3 water moccasins
  3 orc warriors
  3 ogres
  8 wolves
  4 boggarts
  7 centaurs
  2 kobold brigands
  5 bullfrogs
  A scorpion (D:7)
  6 killer bees
  An electric eel (Lair:2)
  A howler monkey (D:7)
  An iron imp (Gauntlet)
  A sleepcap (D:8)
  4 orc wizards
  9 gnolls
  2 ufetubi (D:7)
  4 orcs
  9 kobolds
  A spectral goblin (D:9)
182 creatures vanquished.

Vanquished Creatures (others)
  6 orc apostles
  An orc priest (D:13)
  An orc wizard (Orc:1)
  4 orcs
12 creatures vanquished.

Grand Total: 638 creatures vanquished

Notes
Turn   | Place    | Note
-------+----------+-------------------------------------------
     0 | D:1      | GeoRichter the Merfolk Shapeshifter began the quest for the
                  | Orb.
     0 | D:1      | Reached XP level 1. HP: 15/15 MP: 1/1
    61 | D:1      | Reached XP level 2. HP: 12/21 MP: 2/2
   608 | D:2      | Found Yxteb's Assorted Antiques.
   786 | D:2      | Reached XP level 3. HP: 26/26 MP: 3/3
   904 | D:2      | Found Cabbade's Magic Scroll Shoppe.
   921 | D:2      | Bought a scroll of identify for 26 gold pieces
   921 | D:2      | Bought a scroll of teleportation for 39 gold pieces
   930 | D:2      | Found Dompotuug's General Store.
   942 | D:2      | Found a faded altar of an unknown god.
  1216 | D:2      | Found Iddek Goa's Assorted Antiques.
  1255 | D:2      | Found Atsa's Armour Shop.
  1264 | D:2      | Noticed Sigmund
  1283 | D:2      | Killed Sigmund
  1284 | D:2      | Reached XP level 4. HP: 35/35 MP: 4/4
  1284 | D:2      | Reached XP level 5. HP: 41/41 MP: 5/5
  1500 | D:3      | Became a worshipper of Beogh the Shepherd
  1687 | D:3      | Found a hide-covered altar of Uskayaw.
  1759 | D:3      | Reached XP level 6. HP: 18/47 MP: 6/6
  1977 | D:4      | Noticed a sky beast
  1979 | D:4      | Found a shimmering altar of Xom.
  2041 | D:4      | Reached * piety under Beogh
  2042 | D:4      | Reached XP level 7. HP: 44/54 MP: 7/7
  2408 | D:4      | Reached skill level 5 in Shapeshifting
  2427 | D:4      | Reached skill level 5 in Fighting
  2427 | D:4      | Reached XP level 8. HP: 62/62 MP: 8/8
  2497 | D:4      | Found an ornate altar of the Wu Jian Council.
  2583 | D:4      | Found a snail-covered altar of Cheibriados.
  2678 | D:5      | Entered Level 5 of the Dungeon
  2736 | D:5      | Reached ** piety under Beogh
  3131 | D:6      | Found Xaid's Distillery.
  3139 | D:6      | Bought a potion of heal wounds for 70 gold pieces
  3164 | D:6      | Found Plog's Antique Armour Boutique.
  3278 | D:6      | Found Kenaorcho's General Store.
  3289 | D:6      | Found a large runed translucent door.
  3318 | D:6      | Found a large runed translucent door.
  3322 | D:6      | Noticed flinch's ghost (novice CoGl)
  3410 | D:6      | Found a sand-covered staircase.
  3419 | Ossuary  | Entered an ossuary
  3558 | Ossuary  | Reached *** piety under Beogh
  3559 | Ossuary  | Reached XP level 9. HP: 40/69 MP: 9/9
  3613 | Ossuary  | Reached skill level 3 in Dodging
  3613 | Ossuary  | Reached skill level 10 in Unarmed Combat
  3721 | D:6      | Identified the +4 glaive of the Asp {flame, rElec rPois rF+
                  | Int-3}
  3721 | D:6      | Noticed Orik
  3734 | D:6      | Gained mutation: Your flesh is heat resistant. (rF+)
                  | [potion of mutation]
  3734 | D:6      | Gained mutation: Your muscles are strong. (Str +4, Int/Dex
                  | -1) [potion of mutation]
  3734 | D:6      | Gained mutation: You possess an exceptional clarity of
                  | mind. [potion of mutation]
  3749 | D:6      | Anointed Orik the warrior as your apostle
  3853 | D:6      | Noticed Menkaure
  3858 | D:6      | Killed Menkaure
  3969 | D:6      | Found Dualuqe's General Store.
  3999 | D:6      | Bought a potion of resistance for 110 gold pieces
  4060 | D:6      | Reached skill level 4 in Dodging
  4093 | D:6      | Found Aqeatamp's Assorted Antiques.
  4278 | D:6      | Found an opulent altar of Gozag.
  4278 | D:6      | Found a glowing silver altar of Zin.
  4491 | D:7      | Found a staircase to the Ecumenical Temple.
  4885 | D:7      | Reached skill level 5 in Dodging
  5142 | D:7      | Noticed Ortolf
  5157 | D:7      | Anointed Ortolf the priest as your apostle
  5202 | D:7      | Reached XP level 10. HP: 79/79 MP: 10/10
  5251 | D:7      | Reached skill level 1 in Invocations
  5495 | D:8      | Reached skill level 6 in Dodging
  5648 | D:8      | Found a white marble altar of Elyvilon.
  5653 | D:8      | Noticed Psyche
  5657 | D:8      | Killed Psyche
  6019 | D:9      | Found a blossoming altar of Fedhas.
  6020 | D:9      | Found a shadowy altar of Dithmenos.
  6024 | D:9      | Found a stormy altar of Qazlal.
  6028 | D:9      | Found a broken altar of Ashenzari.
  6030 | D:9      | Found a radiant altar of Vehumet.
  6033 | D:9      | Found a burning altar of Makhleb.
  6207 | D:9      | Found a hazy altar of Hepliaklqana.
  6211 | D:9      | Reached **** piety under Beogh
  6272 | D:9      | Reached skill level 7 in Dodging
  6415 | D:9      | Found a staircase to the Orcish Mines.
  6744 | D:2      | Bought a +2 chain mail of poison resistance for 203 gold
                  | pieces
  6950 | D:10     | Entered Level 10 of the Dungeon
  6950 | D:10     | Noticed a two-headed ogre
  6954 | D:10     | Killed a two-headed ogre
  7054 | D:10     | Noticed a two-headed ogre
  7056 | D:10     | Reached XP level 11. HP: 87/87 MP: 14/14
  7060 | D:10     | Killed a two-headed ogre
  7116 | D:10     | You fall into a shaft and drop 1 floor!
  7163 | D:11     | Reached skill level 8 in Dodging
  7205 | D:11     | Noticed a cyclops
  7209 | D:11     | Killed a cyclops
  7358 | D:11     | Reached skill level 5 in Invocations
  7587 | D:10     | Noticed Amaemon
  7589 | D:10     | Identified a scroll of acquirement
  7593 | D:10     | Killed Amaemon
  7657 | D:10     | Acquired a manual of Dodging
  7978 | D:10     | Reached skill level 9 in Dodging
  8290 | D:11     | Identified the +4 robe of the Bard {rPois}
  8382 | D:11     | Noticed a two-headed ogre
  8384 | D:11     | Found a staircase to the Lair.
  8388 | D:11     | Killed a two-headed ogre
  8477 | D:11     | Noticed a two-headed ogre
  8481 | D:11     | Killed a two-headed ogre
  8769 | D:11     | Reached skill level 1 in Armour
  8824 | D:11     | Reached skill level 10 in Dodging
  8830 | D:11     | Reached XP level 12. HP: 63/97 MP: 16/16
  8841 | D:11     | Identified the +0 robe "Leleschics" {*Corrode rF+ Dex+7
                  | SInv}
  8841 | D:11     | Noticed Warrok
  8856 | D:11     | Anointed Warrok the wizard as your apostle
  9050 | Lair:1   | Entered Level 1 of the Lair of Beasts
  9062 | Lair:1   | Reached skill level 11 in Dodging
  9343 | Lair:1   | Reached skill level 12 in Dodging
 10146 | Lair:2   | Reached skill level 5 in Armour
 10146 | Lair:2   | Reached skill level 13 in Dodging
 10290 | Lair:2   | Noticed a seven-headed hydra
 10294 | Lair:2   | Killed a six-headed hydra
 10414 | Lair:2   | Reached skill level 10 in Fighting
 10434 | Lair:2   | Reached skill level 14 in Dodging
 10506 | Lair:2   | Reached XP level 13. HP: 78/103 MP: 18/18
 10612 | Lair:1   | HP: 5/103 [komodo dragon (22)]
 10758 | Lair:2   | Found a hazy altar of Hepliaklqana.
 10782 | Lair:2   | Found a runed translucent gate.
 10782 | Lair:2   | Found a runed translucent gate.
 10783 | Lair:2   | Found a runed translucent gate.
 10786 | Lair:2   | Noticed SkaryMonk's ghost (journeyman CoGl)
 10796 | Lair:2   | Noticed Gastronok
 10807 | Lair:2   | Killed Gastronok
 10808 | Lair:2   | Reached skill level 10 in Shapeshifting
 11223 | Lair:3   | Your ally Warrok died
 11244 | Lair:3   | Your ally Orik died
 11259 | Lair:3   | Reached skill level 15 in Dodging
 11297 | Lair:3   | HP: 5/105 [blink frog (7)]
 11545 | Lair:3   | Found a transporter.
 11635 | Lair:3   | Found a transporter.
 12103 | Lair:3   | Found a staircase to the Snake Pit.
 12164 | Lair:3   | Reached skill level 15 in Unarmed Combat
 12182 | Lair:3   | Anointed Pellinorc the warrior as your apostle
 12328 | Lair:3   | Found a staircase to the Shoals.
 12568 | Lair:4   | Reached skill level 16 in Dodging
 12578 | Lair:4   | Reached XP level 14. HP: 78/113 MP: 20/20
 12806 | Lair:4   | Found a staircase to the Slime Pits.
 12806 | Lair:4   | Found a viscous altar of Jiyva.
 13021 | Lair:4   | You fall into a shaft and drop 1 floor!
 13021 | Lair:5   | Entered Level 5 of the Lair of Beasts
 13412 | Slime:1  | Entered Level 1 of the Pits of Slime
 13412 | Slime:1  | Noticed an azure jelly
 13544 | Lair:5   | Got Sif Muna's Treatise on Limned Bad Luck
 13799 | Lair:5   | Reached skill level 17 in Dodging
 13910 | Lair:5   | Found a runed translucent door.
 13911 | Lair:5   | Noticed vknvnfl's ghost (journeyman MiFi)
 14656 | Orc:1    | Entered Level 1 of the Orcish Mines
 14673 | Orc:1    | Paralysed by an orc sorcerer for 4 turns
 14966 | D:2      | Bought a scroll of acquirement for 520 gold pieces
 14966 | D:2      | Acquired a manual of Fighting
 14968 | D:2      | Acquired the +0 cloak of Subjectivity {+Blink rElec Str-2
                  | SInv}
 15117 | Orc:2    | Entered Level 2 of the Orcish Mines
 15148 | Orc:2    | Found a gate leading to a gauntlet.
 15157 | Gauntlet | Entered a Gauntlet
 15157 | Gauntlet | Found a transporter.
 15157 | Gauntlet | Found a transporter.
 15173 | Gauntlet | Found a transporter.
 15183 | Gauntlet | Found a transporter.
 15189 | Gauntlet | Found a large runed translucent door.
 15190 | Gauntlet | Found a large runed translucent door.
 15191 | Gauntlet | Found a large runed translucent door.
 15191 | Gauntlet | Found a large runed translucent door.
 15192 | Gauntlet | Found a large runed translucent door.
 15192 | Gauntlet | Found a large runed translucent door.
 15192 | Gauntlet | Found a runed translucent gate.
 15192 | Gauntlet | Found a runed translucent door.
 15193 | Gauntlet | Found a transporter.
 15193 | Gauntlet | Found a runed translucent gate.
 15193 | Gauntlet | Found a transporter.
 15194 | Gauntlet | Found a runed translucent gate.
 15194 | Gauntlet | Noticed a quicksilver ooze
 15195 | Gauntlet | Found a large runed translucent door.
 15195 | Gauntlet | Found a large runed translucent door.
 15196 | Gauntlet | Found a large runed translucent door.
 15197 | Gauntlet | Found a large runed translucent door.
 15206 | Gauntlet | Found a large runed translucent door.
 15206 | Gauntlet | Found a large runed translucent door.
 15206 | Gauntlet | Found a runed translucent door.
 15217 | Gauntlet | Found a transporter.
 15224 | Gauntlet | Found a transporter.
 15239 | Gauntlet | Found a large runed translucent door.
 15240 | Gauntlet | Found a large runed translucent door.
 15242 | Gauntlet | Found a transporter.
 15255 | Gauntlet | Found a transporter.
 15264 | Gauntlet | Found a transporter.
 15286 | Gauntlet | Found a transporter.
 15331 | Gauntlet | Found a transporter.
 15345 | Gauntlet | Found a transporter.
 15361 | Gauntlet | Found a large runed translucent door.
 15361 | Gauntlet | Found a large runed translucent door.
 15445 | Gauntlet | Found a transporter.
 15459 | Gauntlet | Found a transporter.
 15584 | Gauntlet | Identified the +4 longbow of Resourcefulness {flame, rF+}
 15615 | Gauntlet | Identified the +2 pair of gloves of Liusayce {+Inv Slay+3
                  | SInv}
 15643 | Gauntlet | Killed a quicksilver ooze
 15649 | Gauntlet | Identified the +2 helmet of the Gravedigger {+Inv rN++
                  | Will- SInv}
 15748 | Gauntlet | Identified the staff "Stringbean" {rPois rF+ Str+8 Dex-2
                  | Alchemy}
 15888 | Orc:2    | Found Viahipokh's Book Boutique.
 15900 | Orc:2    | Your ally Ortolf died
 15901 | Orc:2    | Your ally Pellinorc died
 15909 | Orc:2    | Your ally Orik died
 15928 | Orc:2    | Reached XP level 15. HP: 45/122 MP: 22/22
 15943 | Orc:2    | Reached skill level 18 in Dodging
 15982 | Orc:2    | Reached skill level 10 in Invocations
 16057 | Orc:2    | Found Pour's Armour Boutique.
 16092 | Orc:2    | Found Soat's Assorted Antiques.
 16101 | Orc:2    | Found Cubur's Weapon Shop.
 16182 | Orc:2    | Found a staircase to the Elven Halls.
 16516 | Orc:1    | Found Mebrekudui's Magic Scroll Emporium.
 16576 | Orc:1    | Bought a scroll of acquirement for 780 gold pieces
 16618 | Orc:1    | Acquired 868 gold pieces
 16775 | D:12     | Noticed Frances
 16781 | D:12     | Gained mutation: Your magical capacity is low. (-10% MP) [a
                  | neqoxec]
 16782 | D:12     | Killed Frances
 16962 | D:12     | Noticed Azrael
 16974 | D:12     | Killed Azrael
 17029 | D:12     | Identified the +5 halberd "Ishrioc" {pain, rN+++ MP+9
                  | Int-5}
 17053 | D:12     | Anointed Bogdan the warrior as your apostle
 17242 | D:12     | Noticed Josephine
 17244 | D:12     | Reached skill level 15 in Shapeshifting
 17248 | D:12     | Killed Josephine
 18223 | D:13     | Found an opulent altar of Gozag.
 18422 | D:13     | Found a transporter.
 18617 | D:13     | Noticed fly's ghost (journeyman KoDe)
 18626 | D:13     | Found a transporter.
 18932 | D:14     | Noticed Urug
 18932 | D:14     | Found a gate to the Vaults.
 18947 | D:14     | Killed Urug
 19027 | D:14     | Identified the +8 chain mail of the Devil's Advocate {rPois
                  | Dex+4}
 19114 | D:14     | Your ally Ortolf died
 19239 | D:14     | Reached XP level 16. HP: 127/134 MP: 21/21
 19648 | D:15     | Entered Level 15 of the Dungeon
 19863 | D:15     | Noticed Kirke
 19874 | D:15     | Killed Kirke
 19988 | D:15     | Annihilated by an enormous slime creature

Illustrated notes

Levels and vault maps discovered:
D:1:      minmay_arrival_stone_box, layout_rooms
D:2:      layout_basic, hellmonk_ecumenical_altar_blasted, serial_shops,
          nicolae_shop_window_shopping, nicolae_shop_tiny_real_fake_doors,
          nicolae_shop_statue_plus, shop_fountains, nicolae_shop_peninsula,
          uniq_sigmund
D:3:      layout_rooms, mainiacjoe_overflow_alcove_2
D:4:      layout_cave_pools, cheibrodos_worm_habitat, led_xom_imps,
          nicolae_wu_jian_immortal_techniques
D:5:      kennysheep_slugbush, layout_cave_pools
D:6:      layout_gridville, grunt_temple_overflow_gold_and_silver, serial_shops,
          nicolae_shop_tiny_waterfront, shop, shop, shop_fountains,
          nicolae_shop_tiny_waterfront, lightli_ossuary_entry_decrepit_ruins,
          ebering_ghost_disaster_area, uniq_menkaure
D:7:      layout_loops_corners, minmay_temple_entry_large_hall
D:8:      layout_rooms, elyvilon_altar_1, minivault_23, uniq_psyche
D:9:      layout_loops_ring, nicolae_hepliaklqana_monster_ancestors, minitemple,
          orc_0_dummy
D:10:     layout_cave_pods, kennysheep_generic_room_6, uniq_amaemon
D:11:     nrook_guardian_serpent_snake_passage, layout_stronghold,
          lair_entry_dummy
D:12:     layout_layer_cave, uniq_frances, uniq_azrael, uniq_josephine
D:13:     layout_stronghold, gammafunk_ghost_berserking_beasts,
          grunt_gozag_statues
D:14:     layout_cross, david_vaults_3, minivault_11
D:15:     gammafunk_enter_depths_forms, layout_loops_ring, minivault_4,
          uniq_kirke
Lair:1:   layout_cellular_growth
Lair:2:   layout_small_grid, gammafunk_ghost_necromancy, basic_altar,
          lemuel_old_faithful, infiniplex_staircase_pool, grunt_megastairs_4,
          uniq_gastronok
Lair:3:   gammafunk_worm_tunnel, layout_hall_layers,
          minmay_shoals_entry_centaurs, nicolae_snake_entry_squirm
Lair:4:   layout_loops_ring, slime_entry_1, beast_lair_carwin_9
Lair:5:   gammafunk_lair_ancient_temple, layout_small_grid,
          gammafunk_ghost_grave
Slime:1:  layout_caves
Orc:1:    layout_caves, serial_shops, shop_coins
Orc:2:    st_orc_open, layout_diamond_mine, gauntlet_entry_generic,
          nicolae_orc_crystal_geode

Skill      XL: |  1  2  3  4  5  6  7  8  9 10 11 12 13 14 15 |
---------------+----------------------------------------------+-----
Unarmed Combat | 4 6 7 8 9 11 12 14 15 16 | 16.7
Fighting       | 3 4 5 6 7 8 9 10 11 12 14 | 14.9
Shapeshifting  | 5 6 7 9 11 14 16 | 16.4
Dodging        | 5 7 10 14 16 17 18 | 18.1
Invocations    | 4 6 8 9 11 | 11.3
Armour         | 2 5 |  5.0

Action                     |  1- 3 |  4- 6 |  7- 9 | 10-12 | 13-15 | 16-18 || total
---------------------------+-------+-------+-------+-------+-------+-------++-------
  Melee: Unarmed           |    93 |   113 |   383 |   256 |   639 |    30 ||  1514
         Punch             |     1 |     3 |    22 |    10 |     8 |     5 ||    49
         Tailslap          |       |       |     6 |     3 |    11 |       ||    20
         Maw               |       |       |       |       |   195 |       ||   195
  Throw: Dart              |       |     6 |       |       |       |       ||     6
 Invoke: Convert to Beogh  |       |     1 |       |       |       |       ||     1
         Recruit Apostle   |       |       |     2 |     1 |     2 |       ||     5
         Smiting           |       |       |     1 |    18 |    39 |     4 ||    62
         Recall Apostles   |       |       |       |     3 |    12 |     2 ||    17
         Dismiss Apostle   |       |       |       |       |     2 |       ||     2
  Evoke: Wand              |       |       |     2 |       |    13 |       ||    15
    Use: Scroll            |     2 |       |     9 |     6 |    14 |     2 ||    33
         Potion            |     1 |       |     4 |     1 |    19 |       ||    25
   Stab: Distracted        |       |       |     1 |     2 |    15 |       ||    18
         Sleeping          |       |       |       |       |     1 |       ||     1
 Armour: Animal skin       |    14 |       |       |       |       |       ||    14
         Chain mail        |    54 |    69 |   266 |   246 |   118 |    36 ||   789
         Skin              |     3 |       |     7 |       |   244 |       ||   254
  Dodge: Dodged            |    31 |    55 |   135 |   182 |   531 |    23 ||   957
  Block: Kite shield       |       |       |       |       |   162 |       ||   162
         Buckler           |       |       |       |       |     1 |       ||     1
   Form: Maw               |       |       |       |       |     1 |       ||     1
         Flux              |       |       |       |       |     1 |       ||     1
         Blade             |       |       |       |       |     1 |       ||     1

Table legend: (Time is in decaauts)
 A = Elapsed time spent in this place.
 B = Non-inter-level travel time spent in this place.
 C = Inter-level travel time spent in this place.
 D = Time resting spent in this place.
 E = Time spent auto-exploring this place.
 F = Levels seen in this place.
 G = Mean time per level.
                   A        B        C        D        E       F      G
               +--------+--------+--------+--------+--------+-----+--------+
         Total |  19587 |  17835 |   1752 |    399 |  13357 |  25 |  783.5 |
       Dungeon |  12431 |  11097 |   1334 |    229 |   8457 |  15 |  828.7 |
          Lair |   5197 |   4871 |    326 |    145 |   3726 |   5 | 1039.4 |
    Slime Pits |      1 |      1 |      0 |      0 |      0 |   1 |    1.0 |
  Orcish Mines |   1067 |    975 |     92 |      0 |    692 |   2 |  533.5 |
       Ossuary |    268 |    268 |      0 |     25 |     98 |   1 |  268.0 |
      Gauntlet |    621 |    621 |      0 |      0 |    384 |   1 |  621.0 |
               +--------+--------+--------+--------+--------+-----+--------+

Top non-repeatable levels by time:
    D:12: 1253 daAuts
    D:11: 1188 daAuts
  Lair:1: 1128 daAuts
  Lair:2: 1110 daAuts
    D:10: 1087 daAuts
     D:7: 1070 daAuts
     D:6: 1064 daAuts
  Lair:5: 1061 daAuts
     D:2: 1017 daAuts
  Lair:3: 1006 daAuts
     D:9: 909 daAuts
    D:13: 892 daAuts
  Lair:4: 891 daAuts
     D:4: 816 daAuts
    D:14: 695 daAuts
